 Dungeon Crawl Stone Soup version 0.18.1-6-gd335043 (webtiles) character file.

1246 Gorice the Conjurer (level 8, -6/52 HPs)
             Began as a Human Venom Mage on May 20, 2016.
             Mangled by Grinder (8 damage)
             ... while paralysed by Grinder
             ... on level 5 of the Dungeon.
             The game lasted 00:45:41 (6661 turns).

Gorice the Conjurer (Human Venom Mage)              Turns: 6661, Time: 00:45:42

Health: -6/52      AC:  4    Str:  9    XL:     8   Next: 79%
Magic:  6/14       EV:  2    Int: 17    God:
Gold:   214        SH:  0    Dex: 14    Spells: 5 memorised, 5 levels left

rFire  . . .     SeeInvis .     a - staff of conjuration
rCold  + . .     Gourm    .     w - +0 leather armour {rPois}
rNeg   . . .     Faith    .     (no shield)
rPois  +         Spirit   .     E - +0 helmet
rElec  .         Dismiss  .     (no cloak)
rCorr  .         Reflect  .     (no gloves)
SustAt .         Harm     .     (no boots)
MR     .....                    n - amulet of magic regeneration
Stlth  +++.......               I - ring of stealth
                                u - ring of protection from cold

@: paralysed, very slightly contaminated, repel missiles, invisible (expiring),
not resistant to hostile enchantments, fairly stealthy
A: no striking features
a: no special abilities


You were on level 5 of the Dungeon.
You were not hungry.

You visited 1 branch of the dungeon, and saw 5 of its levels.
You also visited: Sewer.

You collected 214 gold pieces.

Inventory:

Hand Weapons
 b - a +1 spear
 f - a +0 whip
 h - a +0 dagger
Missiles
 v - 13 tomahawks (quivered)
 F - 14 poisoned needles
 Z - 141 stones
Armour
 d - a +1 robe
 o - the +2 cloak "Feampur" {MR+ MP-9 Dex+5}
   (You found it on level 5 of the Dungeon)

   It affects your dexterity (+5).
   It affects your resistance to hostile enchantments.
   It affects your magic capacity (-9).
 w - a +0 leather armour of poison resistance (worn)
   (You took it off an orc on level 3 of the Dungeon)
 C - a +2 robe of magic resistance
   (You took it off an orc wizard on level 4 of the Dungeon)
 E - a +0 helmet (worn)
Magical Staves
 a - an uncursed staff of conjuration (weapon)
Jewellery
 n - an amulet of magic regeneration (around neck)
 u - a ring of protection from cold (left hand)
 I - a ring of stealth (right hand)
 Y - a +3 ring of dexterity
Wands
 t - a wand of random effects (24/48)
Scrolls
 e - 2 scrolls of enchant armour
 l - 2 scrolls of noise {!r}
 q - 2 scrolls of remove curse
 x - 2 scrolls of teleportation {!r}
 B - 2 scrolls of amnesia
 G - a scroll of magic mapping {!r}
Potions
 i - 3 potions of lignification {!q}
 k - a potion of resistance {!q}
 p - a potion of magic {!q}
 A - a potion of ambrosia
 D - a potion of might {!q}
 H - a potion of degeneration {unknown}
Books
 y - a book of Air
 z - a Young Poisoner's Handbook
Comestibles
 c - 3 bread rations {!e}
 j - a meat ration {!e}
 r - a fruit


   Skills:
 - Level 2.0 Dodging
 - Level 2.0 Stealth
 + Level 4.4 Spellcasting
 * Level 6.5 Conjurations
 + Level 1.2 Charms
 + Level 3.2 Air Magic
 - Level 6.0 Poison Magic


You had 5 spell levels left.
You knew the following spells:

 Your Spells              Type           Power        Failure   Level  Hunger
a - Sting                 Conj/Pois      ####         1%          1    None
b - Cure Poison           Pois           ###.......   2%          2    ##.....
c - Mephitic Cloud        Conj/Pois/Air  ####....     10%         3    ###....
M - Repel Missiles        Chrm/Air       ##....       14%         2    ##.....
S - Swiftness             Chrm/Air       ##......     14%         2    ##.....


Dungeon Overview and Level Annotations

Branches:
Dungeon (5/15)
 Temple: D:4-7

Altars:
Xom

Annotations:
D:5 exclusion: ice beast, Grinder, Pikel


Message History

Pikel is moderately wounded.
Pikel hits you with a whip of freezing! Pikel freezes you.
* * * LOW HITPOINT WARNING * * *
The slave barely misses you. Pikel barely misses you.
Damage: 11 (max 11) Unknown command.
Casting: Mephitic Cloud
Confirm with . or Enter, or press ? or * to list all spells.
Aiming: Sting
Press: ? - help, Shift-Dir - straight line, f/p - Pikel
Aim: Pikel, wielding a whip of freezing and wearing a robe (heavily wounded, poisoned)
You feel a surge of power!
The sting hits Pikel.
Pikel looks even sicker.
Pikel is heavily wounded.
The slave hits you but does no damage. Pikel hits you with a whip of freezing.
* * * LOW HITPOINT WARNING * * *
The ice beast misses you.
Damage: 2 (max 11) Unknown command.
Drink which item? (? for menu, Esc to quit)
Really quaff
s - a potion of invisibility {!q}?
You fade into invisibility!
Your surroundings suddenly seem different.
Found an escape hatch in the floor.
Unknown command.
Grinder gestures at you. Pain shoots through your body!
* * * LOW HITPOINT WARNING * * *
Damage: 8 (max 8)
A jelly comes into view.
Grinder blinks!
Grinder hits you.
* * * LOW HITPOINT WARNING * * *
You writhe in agony.
* * * LOW HITPOINT WARNING * * *
Damage: 3 (max 8) Grinder says, "Wait up."
Grinder gestures at you.
You suddenly lose the ability to move!
You flicker for a moment.
The jelly quivers.
Grinder hits you.
* * * LOW HITPOINT WARNING * * *
You writhe in agony.
* * * LOW HITPOINT WARNING * * *
Grinder hits you.
* * * LOW HITPOINT WARNING * * *
You writhe in agony.
* * * LOW HITPOINT WARNING * * *
Grinder hits you!
You die...

... #........# ##.....
....###### #........# #......
......>..# #.......# #.##...
.........## #.......#######.#
..........# #.......#........
..........## #....<.<#.......#
...........# #.......#.......#
...........####.....##.......#
.........J..5@.......#.......#
..............#....###########
..................## #.
.................## ##.
.................# #..
.........##...#.## ##.#
......######....## #..# ..###
##....### ##.## #......##
#Y.##


You could see Grinder and a jelly.

Vanquished Creatures
  An ice beast (D:5)
  2 centaurs
  4 giant frogs
  2 scorpions
  2 hounds (D:4)
  4 orc priests
  3 orc wizards (D:4)
  Natasha (twice) (D:3)
  A hound skeleton (D:4)
  10 adders
  6 oozes (Sewer)
  6 worms
  5 dart slugs
  21 giant geckos
  15 orcs
  10 bats
  15 giant cockroaches
  6 goblins
  6 hobgoblins
  4 jackals
  6 kobolds
  5 quokkas
  11 ball pythons
  16 giant newts
  8 rats
171 creatures vanquished.

Notes
Turn   | Place    | Note
--------------------------------------------------------------
     0 | D:1      | Gorice the Human Venom Mage began the quest for the Orb.
     0 | D:1      | Reached XP level 1. HP: 13/13 MP: 3/3
   114 | D:1      | Reached skill level 1 in Conjurations
   114 | D:1      | Reached XP level 2. HP: 19/19 MP: 3/5
   638 | D:1      | Reached XP level 3. HP: 23/24 MP: 0/6
   731 | D:1      | Reached skill level 2 in Conjurations
  1314 | D:2      | Reached XP level 4. HP: 30/30 MP: 5/7
  1744 | D:2      | Learned a level 2 spell: Cure Poison
  1748 | D:2      | Learned a level 3 spell: Mephitic Cloud
  1941 | D:3      | Reached skill level 3 in Conjurations
  2030 | D:3      | Reached XP level 5. HP: 35/35 MP: 3/9
  2070 | D:3      | HP: 4/35 [orc priest/divine providence (11)]
  2084 | D:3      | HP: 1/35 [orc (2)]
  2089 | D:3      | HP: 9/35 [orc (1)]
  2123 | D:3      | Noticed Natasha
  2124 | D:3      | Found a shimmering altar of Xom.
  2177 | D:3      | Killed Natasha
  2541 | D:3      | Noticed Natasha
  2547 | D:3      | Killed Natasha
  2860 | D:3      | Reached skill level 3 in Spellcasting
  2860 | D:3      | Reached XP level 6. HP: 41/41 MP: 3/10
  2935 | D:3      | Reached skill level 4 in Conjurations
  3250 | D:3      | Reached skill level 5 in Poison Magic
  3467 | D:4      | Reached skill level 1 in Air Magic
  3467 | D:4      | Reached XP level 7. HP: 38/46 MP: 6/12
  4032 | D:4      | Reached skill level 5 in Conjurations
  4269 | D:5      | Entered Level 5 of the Dungeon
  4312 | D:5      | Noticed Grinder
  4453 | D:5      | Reached skill level 2 in Air Magic
  4453 | D:5      | Reached XP level 8. HP: 52/52 MP: 13/13
  4465 | D:5      | Got a slimy cloak
  4471 | D:5      | Identified the +2 cloak "Feampur" {MR+ MP-9 Dex+5} (You found it on level 5 of the Dungeon)
  4595 | D:4      | Reached skill level 4 in Spellcasting
  4819 | D:5      | Learned a level 2 spell: Repel Missiles
  4822 | D:5      | Learned a level 2 spell: Swiftness
  4849 | D:5      | Found a glowing drain.
  4857 | Sewer    | Entered a sewer
  4994 | Sewer    | Reached skill level 6 in Conjurations
  5282 | Sewer    | Reached skill level 6 in Poison Magic
  5467 | Sewer    | Reached skill level 3 in Air Magic
  5659 | Sewer    | --well that must be the crappiest vault loot ever:
  5659 | Sewer    | --$52 and a ?teleport
  5732 | D:5      | Noticed Pikel
  5752 | D:5      | HP: 15/52 [slave[Pikel] (2)]
  6028 | D:5      | Reached skill level 1 in Charms
  6044 | D:5      | HP: 15/52 [poisoned by a scorpion]
  6049 | D:5      | HP: 14/52 [poisoned by a scorpion]
  6057 | D:5      | HP: 13/52 [poisoned by a scorpion]
  6065 | D:5      | HP: 12/52 [poisoned by a scorpion]
  6654 | D:5      | HP: 14/52 [Grinder (2)]
  6657 | D:5      | Paralysed by Grinder for 7 turns
  6659 | D:5      | HP: 9/52 [Grinder (5)]
  6660 | D:5      | HP: 2/52 [Grinder (3)]
  6661 | D:5      | Mangled by Grinder

Skill      XL: |  1  2  3  4  5  6  7  8 |
---------------+-------------------------+-----
Conjurations   | 1 2 3 4 5 6 |  6.5
Spellcasting   | 3 4 |  4.4
Poison Magic   | 5 6 |  6.0
Air Magic      | 1 2 3 |  3.2
Charms         | 1 |  1.2
Dodging        | |  2.0
Stealth        | |  2.0

Action                   |  1- 3 |  4- 6 |  7- 9 || total
-------------------------+-------+-------+-------++-------
Melee: Spear             |    17 |    60 |    15 ||    92
       Staff             |       |       |    16 ||    16
 Cast: Sting             |    56 |   153 |   243 ||   452
       Mephitic Cloud    |       |     5 |    18 ||    23
       Repel Missiles    |       |       |     1 ||     1
Evoke: Wand              |       |       |     3 ||     3
  Use: Scroll            |     4 |     5 |     8 ||    17
       Potion            |       |     1 |     2 ||     3
 Stab: Confused          |       |     2 |       ||     2
  Eat: Chunk             |     2 |     8 |     9 ||    19
       Meat ration       |       |       |     1 ||     1
       Pizza             |       |       |     1 ||     1
Armor: Robe              |     3 |    22 |    19 ||    44
       Leather armour    |       |    11 |     4 ||    15
Dodge: Dodged            |     9 |    62 |    68 ||   139

Table legend:
 A = Turns spent in this place as a percentage of turns spent in the entire game.
 B = Non-inter-level travel turns spent in this place as a percentage of non-inter-level travel turns spent in the entire game.
 C = Inter-level travel turns spent in this place as a percentage of turns spent in this place.
 D = Turns resting spent in this place as a percentage of non-inter-level travel turns spent in this place.
 E = Turns spent auto-exploring this place as a percentage of non-inter-level travel turns spent in this place.
 F = Non-inter-level travel turns spent in this place divided by the number of levels of this place that you've seen.
                   A       B       C       D       E      F
               +-------+-------+-------+-------+-------+----------------------
         Total | 100.0 | 100.0 |   0.3 |   3.3 |   3.6 | 491.7
       Dungeon |  83.3 |  83.2 |   0.4 |   3.5 |   4.3 | 491.0
         Sewer |  16.7 |  16.8 |   0.0 |   2.4 |   0.2 | 495.0
               +-------+-------+-------+-------+-------+----------------------

Vault maps used:
D:1:      dpeg_arrival_simpleton_a
D:2:      first_bread
D:3:      lemuel_crystal_altar, minmay_close_crescents, uniq_natasha
D:5:      lightli_sewer_entry_pipes, hangedman_decor_peaks_small,
          minmay_crystal_room, uniq_grinder, uniq_pikel, uniq_sigmund
Sewer:    sewer_frog_island_02
